Map: [ESL] Data-C

Players

PiLiPiLi

  • Race: Protoss Protoss
  • Spawn Location: 3:00

trigger - Winner!

  • Race: Protoss Protoss
  • Spawn Location: 9:00

Event: DreamHack SC2 Masters 2022 Atlanta (Online)

VOD

Have the link to the VOD?

Description

Time

  • Played on: Oct. 4, 2022, 3:20 p.m.
  • Length: 8:17

All games in this series

Show
View Real Time Build Order
Export as new Build Order

PiLiPiLi Protoss 

Build Orders: Blink Stalkers 

Get SALT Encoding   

  12  0:01  Probe  
  13  0:13  Probe  
  14  0:20  Pylon  
  14  0:25  Probe  
  15  0:38  Probe (Chrono Boost)  
  15  0:40  Gateway  
  16  0:47  Probe (Chrono Boost)  
  16  0:48  Assimilator  
  17  0:53  Probe (Chrono Boost)  
  18  1:00  Assimilator  
  18  1:05  Probe  
  19  1:27  Probe  
  19  1:31  Cybernetics Core  
  20  1:39  Zealot  
  22  1:40  Pylon  
  22  1:41  Probe  
  22  1:42  Pylon  
  23  1:58  Probe  
  24  2:06  Nexus  
  24  2:12  Warp Gate (Chrono Boost)  
  24  2:15  Probe  
  25  2:17  Stalker (Chrono Boost)  
  27  2:27  Probe  
  28  2:39  Probe  
  28  2:40  Stalker  
  28  2:43  Pylon  
  30  2:54  Shield Battery, Probe  
  31  3:01  Twilight Council  
  31  3:06  Probe (Chrono Boost)  
  31  3:12  Stalker  
  34  3:18  Probe (Chrono Boost)  
  35  3:25  Probe x2 (Chrono Boost)  
  37  3:32  Probe  
  37  3:33  Probe  
  39  3:43  Blink (Chrono Boost)  
  39  3:44  Probe  
  39  3:45  Probe  
  41  3:55  Stalker  
  43  3:56  Probe  
  43  3:58  Probe  
  43  4:02  Gateway  
  44  4:08  Probe  
  45  4:10  Probe  
  46  4:18  Pylon  
  46  4:20  Probe  
  46  4:22  Probe, Stalker  
  48  4:33  Probe, Pylon  
  48  4:34  Probe  
  48  4:35  Gateway  
  50  4:41  Assimilator  
  50  4:45  Gateway, Pylon  
  50  4:47  Stalker  
  52  5:01  Probe x2  
  52  5:04  Stalker  
  56  5:10  Pylon  
  56  5:11  Gateway  
  56  5:12  Gateway  
  55  5:17  Probe  
  55  5:20  Stalker  
  58  5:22  Shield Battery  
  58  5:30  Stalker x2  
  62  5:40  Stalker  
  62  5:55  Stalker x3  
  68  5:59  Gateway  
  68  6:02  Probe  
  68  6:03  Stalker  
  71  6:07  Stalker x2  
  75  6:18  Stalker x3  
  77  6:24  Stalker x2  
  85  6:30  Pylon  
  74  6:50  Stalker x6  
  84  6:54  Stalker  
  85  7:16  Zealot x4  
  85  7:18  Pylon  
  85  7:41  Stalker x7  
  73  8:04  Stalker  
  73  8:05  Stalker x2  
Show
View Real Time Build Order
Export as new Build Order

trigger Protoss - Winner!

Build Orders: Oracle Opening, Blink Stalkers 

Get SALT Encoding   

  12  0:00  Probe  
  13  0:12  Probe  
  14  0:19  Pylon  
  14  0:24  Probe  
  15  0:37  Probe (Chrono Boost)  
  15  0:38  Gateway  
  16  0:46  Probe (Chrono Boost)  
  16  0:47  Assimilator  
  17  0:51  Probe  
  17  0:56  Assimilator  
  18  1:04  Probe (Chrono Boost)  
  19  1:12  Pylon  
  19  1:14  Probe (Chrono Boost)  
  20  1:18  Probe (Chrono Boost)  
  21  1:27  Cybernetics Core  
  21  1:30  Probe  
  21  1:32  Zealot  
  24  1:42  Probe  
  25  1:54  Probe  
  26  2:03  Stalker  
  26  2:07  Stargate  
  28  2:10  Probe  
  29  2:28  Nexus  
  28  2:33  Warp Gate  
  28  2:44  Pylon  
  28  2:47  Oracle (Chrono Boost)  
  31  3:02  Stalker  
  31  3:05  Shield Battery, Probe  
  34  3:14  Gateway  
  34  3:21  Probe  
  34  3:26  Twilight Council  
  35  3:33  Probe (Chrono Boost)  
  36  3:36  Stalker  
  36  3:40  Probe (Chrono Boost)  
  39  3:46  Probe (Chrono Boost)  
  40  3:54  Probe (Chrono Boost)  
  41  3:56  Probe (Chrono Boost)  
  41  3:58  Probe (Chrono Boost)  
  41  3:59  Blink (Chrono Boost)  
  43  4:03  Probe  
  43  4:09  Probe  
  45  4:13  Pylon  
  45  4:15  Probe  
  46  4:21  Stalker x2  
  50  4:28  Gateway  
  50  4:32  Probe  
  50  4:33  Probe  
  50  4:36  Pylon  
  52  4:44  Stalker  
  52  4:45  Probe  
  55  4:46  Stalker  
  55  4:48  Probe  
  55  4:51  Pylon  
  58  4:57  Probe  
  58  4:59  Robotics Facility  
  59  5:01  Probe  
  60  5:09  Assimilator, Probe, Stalker  
  63  5:14  Stalker  
  63  5:16  Probe  
  66  5:22  Stalker  
  68  5:33  Nexus  
  68  5:37  Pylon  
  68  5:40  Stalker  
  70  5:44  Stalker  
  71  5:51  Probe x2  
  71  5:52  Observer  
  71  5:54  Stalker  
  76  6:01  Shield Battery  
  76  6:03  Probe, Stalker  
  79  6:05  Probe  
  79  6:08  Stalker  
  82  6:15  Shield Battery  
  83  6:26  Immortal (Chrono Boost)  
  83  6:27  Pylon  
  86  6:37  Stalker  
  84  6:40  Stalker  
  84  6:43  Probe  
  84  6:46  Stalker  
  81  6:55  Gateway  
  81  7:00  Immortal (Chrono Boost), Stalker  
  87  7:01  Shield Battery  
  87  7:06  Stalker  
  89  7:12  Stalker  
  91  7:17  Probe x3  
  94  7:25  Stalker  
  94  7:29  Gateway, Probe x2  
  98  7:34  Probe  
  93  7:37  Stalker x2  
  93  7:42  Probe (Chrono Boost)  
  99  7:45  Probe (Chrono Boost)  
  99  7:50  Forge  
  100  7:52  Probe (Chrono Boost)  
  100  7:53  Probe (Chrono Boost)  
  94  7:59  Probe (Chrono Boost)  
  94  8:01  Probe (Chrono Boost), Stalker x3  
  93  8:13  Stalker  
Tags
 
Add a new tag
Caveats
  • Supply blocks, unpowered buildings, or Contaminate may cause inaccurate times.
  • Supply counts are checked every 10 seconds.